 Dungeon Crawl Stone Soup version 0.26.0-10-g1f06aea511 (webtiles) character file.

Game seed: 4703231878199012003

98 septik the Skirmisher (level 4, 0/41 HPs)
             Began as a Minotaur Berserker on Jan 25, 2021.
             Was a Believer of Trog.
             Killed from afar by an electric eel (10 damage)
             ... with a bolt of electricity
             ... on level 4 of the Dungeon.
             The game lasted 00:04:01 (2845 turns).

septik the Skirmisher (Minotaur Berserker)          Turns: 2845, Time: 00:04:09

Health: 0/41       AC: 11    Str: 22    XL:     4   Next: 43%
Magic:  3/3        EV:  9    Int:  4    God:    Trog [**....]
Gold:   133        SH:  0    Dex: 10    Spells: 3/3 levels left

rFire    . . .     SeeInvis .   y - +0 war axe
rCold    . . .     Faith    .   (no shield)
rNeg     . . .     Spirit   .   w - +0 chain mail
rPois    .         Reflect  .   t - +2 hat
rElec    .         Harm     .   (no cloak)
rCorr    .         Rampage  .   (no gloves)
Will     .....                  (no boots)
Stlth    ..........             (no amulet)
HPRegen  0.13/turn              (no ring)
MPRegen  0.08/turn              (no ring)

@: no status effects
A: retaliatory headbutt, horns 2
a: Renounce Religion, Berserk, Trog's Hand


You were on level 4 of the Dungeon.
You worshipped Trog.
Trog was pleased with you.
You visited 1 branch of the dungeon, and saw 4 of its levels.

You collected 133 gold pieces.

Inventory:

Hand Weapons
 a - a +0 hand axe
 y - a +0 war axe (weapon)
Missiles
 c - 4 boomerangs
 f - 13 stones
Armour
 b - a +0 animal skin
 t - a +2 hat (worn)
 u - a +0 plate armour
 w - a +0 chain mail (worn)
Jewellery
 i - an uncursed ring of ice {unknown}
 x - an uncursed ring of willpower {unknown}
Wands
 z - a wand of flame (12)
Scrolls
 e - 2 scrolls of enchant weapon {unknown}
 g - 3 scrolls of identify {unknown}
 k - a scroll of magic mapping {unknown}
 m - 2 scrolls of fear {unknown}
 n - 5 scrolls of teleportation {unknown}
 o - a scroll of enchant armour {unknown}
 p - a scroll of remove curse {unknown}
 s - a scroll of blinking {unknown}
Potions
 d - a potion of might {unknown}
 h - a potion of degeneration {unknown}
 j - 2 potions of attraction {unknown}
 l - 4 potions of flight {unknown}
 q - 3 potions of curing {unknown}
 r - a potion of lignification {unknown}
 v - a potion of haste {unknown}


   Skills:
 + Level 4.3 Fighting
 - Level 3.6(4.1) Axes
 * Level 3.0(3.8) Maces & Flails
 + Level 3.3 Armour
 + Level 3.0 Dodging


You had 3 spell levels left.
You didn't know any spells.
Your spell library was empty.

Dungeon Overview and Level Annotations

Branches:
Dungeon (4/15)
 Temple: D:4-7

Altars:
Ashenzari
Makhleb
Ru

Annotations:
D:4 1 transporter


Innate Abilities, Weirdness & Mutations

You reflexively headbutt those who attack you in melee.
You have a pair of horns on your head.


Message History

y - a war axe
y - a +0 war axe (weapon)
Found an escape hatch in the floor.
There is a transporter here.
You enter the transporter and appear at another place.
z - a wand of flame (12)
You open the door.
The electric eel shoots out a bolt of lightning at you!
The bolt of electricity hits you! x2
There is an open door here.
The electric eel shoots out a bolt of lightning at you!
The bolt of electricity misses you.
You slash the electric eel! Your headbutt misses the electric eel.
The electric eel is almost dead.
You barely miss the electric eel.
The electric eel shoots out a bolt of lightning at you!
The bolt of electricity hits you!
* * * LOW HITPOINT WARNING * * *
The bolt of electricity hits you!
You die...

#. ##>#..####.. #..
##......(..
#..###...##..#
#......©.....#
##...#######..#
.....#8.©.8#..#
#...#P...P#..#
#...###'###..#
#...#≈..@;#..#
#.<.#≈...;#..##
..###.#.#≈≈PP≈#...#
.(......#≈≈♣P≈#.#.#
..#####.#≈≈P≈≈#.#.#
#.#≈≈≈≈≈#.#.#
#.#≈≈≈≈≈#.#..
#.###+###.# .
#.#P.$.P#.#


You could see 2 electric eels.

Vanquished Creatures
  2 adders (D:3)
  A worm (D:2)
  A dart slug (D:1)
  3 leopard geckos
  2 ball pythons (D:1)
  12 bats
  5 giant cockroaches
  10 goblins
  4 hobgoblins
  11 jackals
  2 kobolds
  2 quokkas
  5 frilled lizards
  5 rats
65 creatures vanquished.

Vanquished Creatures (others)
  5 plants (D:1)
5 creatures vanquished.

Grand Total: 70 creatures vanquished

Notes
Turn   | Place    | Note
-------+----------+-------------------------------------------
     0 | D:1      | septik the Minotaur Berserker began the quest for the Orb.
     0 | D:1      | Reached XP level 1. HP: 19/19 MP: 0/0
   130 | D:1      | Reached skill level 1 in Maces & Flails
   135 | D:1      | Reached XP level 2. HP: 27/27 MP: 1/1
   616 | D:1      | Reached ** piety under Trog
   622 | D:1      | Reached XP level 3. HP: 31/33 MP: 2/2
   628 | D:1      | Reached skill level 4 in Fighting
  2149 | D:3      | Found a sacrificial altar of Ru.
  2189 | D:3      | Reached XP level 4. HP: 40/40 MP: 3/3
  2312 | D:3      | Found a broken altar of Ashenzari.
  2687 | D:3      | Found a burning altar of Makhleb.
  2795 | D:4      | Found a transporter.
  2796 | D:4      | Found a transporter.
  2845 | D:4      | Killed from afar by an electric eel

Illustrated notes

Levels and vault maps discovered:
D:1:      roderic_crop_circles_arrival_small, layout_loops_corners,
          minmay_octomino_c4
D:2:      layout_rooms
D:3:      layout_loops_ring, lemuel_crystal_altar, hangedman_ru_absence,
          cheibrodos_ashenzari_chains
D:4:      gammafunk_steamed_eel, layout_basic, serial_glass, glass_columns_c,
          glass_columns_c, kennysheep_generic_room_3, uniq_edmund, uniq_grinder

Skill      XL: |  1  2  3  4 |
---------------+-------------+-----
Maces & Flails | 1 2 3 |  3.0
Fighting       | 4 |  4.3
Armour         | 3 |  3.3
Dodging        | 3 |  3.0
Axes           | |  3.6

Action                   |  1- 3 |  4- 6 || total
-------------------------+-------+-------++-------
Melee: Hand axe          |   105 |    20 ||   125
       Headbutt          |    13 |     6 ||    19
       War axe           |       |     1 ||     1
Invok: Berserk           |     1 |       ||     1
Armor: Animal skin       |    13 |     2 ||    15
       Chain mail        |       |     3 ||     3
Dodge: Dodged            |    74 |    17 ||    91
